 Dungeon Crawl Stone Soup version 0.27.1-34-g3ba077fa99 (webtiles) character file.

Game seed: 363175762422210856

10 cbfl8 the Sneak (level 2, -1/27 HPs)
             Began as a Minotaur Delver on Jan 27, 2022.
             Slain by a mummy (17 damage)
             ... in an ossuary.
             The game lasted 00:00:27 (136 turns).

cbfl8 the Sneak (Minotaur Delver)                    Turns: 136, Time: 00:00:27

Health: -1/27      AC:  3    Str: 16    XL:     2   Next: 10%
Magic:  1/1        EV: 11    Int:  7    God:
Gold:   0          SH:  0    Dex: 11    Spells: 1/1 levels left

rFire    . . .     SeeInvis .   a - +0 hand axe
rCold    . . .     Faith    .   (no shield)
rNeg     . . .     Spirit   .   b - +0 leather armour
rPois    .         Reflect  .   (helmet restricted)
rElec    .         Harm     .   (no cloak)
rCorr    .         Rampage  .   (no gloves)
Will     .....                  (no boots)
Stlth    +.........             (no amulet)
HPRegen  0.09/turn              (no ring)
MPRegen  0.07/turn              (no ring)

@: very slow
A: horns 2, retaliatory headbutt
a: no special abilities


You were in an ossuary.
You visited 1 branch of the dungeon, and saw 2 of its levels.
You also visited: Ossuary.

Inventory:

Hand Weapons
 a - a +0 hand axe (weapon)
Armour
 b - a +0 leather armour (worn)
Wands
 g - a wand of digging (3)
Scrolls
 c - a scroll of fog
 e - a scroll of fear
Potions
 f - a potion of haste
 h - a potion of flight {unknown}


   Skills:
 + Level 3.7 Fighting
 + Level 2.5 Axes
 + Level 2.2 Dodging
 + Level 4.4 Stealth


You had one spell level left.
You didn't know any spells.
Your spell library was empty.

Dungeon Overview and Level Annotations

Branches:
Dungeon (5/15)            Ossuary (1/1)
 Temple: D:4-7

Altars:


Innate Abilities, Weirdness & Mutations

You have a pair of horns on your head.
You reflexively headbutt those who attack you in melee.


Message History

The howler monkey zombie is lightly damaged.
The howler monkey zombie splashes around in the water.
You slash the howler monkey zombie! You headbutt the howler monkey zombie.
The howler monkey zombie is heavily damaged.
The howler monkey zombie barely misses you.
The howler monkey zombie splashes around in the water.
Your unstable footing causes you to fumble your attack.
The howler monkey zombie hits you.
You barely miss the howler monkey zombie.
The howler monkey zombie is heavily damaged.
The howler monkey zombie closely misses you.
You barely miss the howler monkey zombie.
The howler monkey zombie is heavily damaged.
The howler monkey zombie barely misses you.
Your unstable footing causes you to fumble your attack.
The howler monkey zombie hits you.
You hit the howler monkey zombie. You headbutt the howler monkey zombie.
You destroy the howler monkey zombie!
You have reached level 2!
There is an open door here.
You start resting.
HP restored.
A howler monkey zombie comes into view.
There is an open door here.
You enter the shallow water.
Moving in this stuff is going to be slow. 2 mummies and a zombie come into view.
The hornet zombie moves out of view.
You enter the shallow water.
Moving in this stuff is going to be slow.
You enter the shallow water.
Moving in this stuff is going to be slow.
The mummy hits you.
You hit the mummy.
The mummy is moderately damaged.
You hit the howler monkey zombie.
The howler monkey zombie hits you but does no damage.
The mummy hits you! x2
Ouch! That really hurt!
You die...

## ≈# ##≈# #≈≈
#P#
+#+#'#+#M#+####≈#
..≈..ZM@Z.≈≈P≈≈≈#
####≈#####.####≈#
#...#≈.P#
#.∩.'≈≈#≈#
#∩..#≈≈.##
#####≈≈≈≈≈≈≈
+≈≈P#≈≈≈#
#≈≈#≈≈≈##
#≈..#≈#≈#


You could see 2 mummies, a hornet zombie and a howler monkey zombie.

Vanquished Creatures
  A howler monkey zombie (Ossuary)
1 creature vanquished.

Vanquished Creatures (others)
  5 withered plants (Ossuary)
5 creatures vanquished.

Grand Total: 6 creatures vanquished

Notes
Turn   | Place    | Note
-------+----------+-------------------------------------------
     0 | D:5      | cbfl8 the Minotaur Delver began the quest for the Orb.
     0 | D:5      | Reached XP level 1. HP: 19/19 MP: 0/0
    27 | D:4      | Found a sand-covered staircase.
    39 | Ossuary  | Entered an ossuary
    54 | Ossuary  | Reached XP level 2. HP: 20/27 MP: 1/1
   136 | Ossuary  | Slain by a mummy

Illustrated notes

Levels and vault maps discovered:
D:4:      layout_loops_ring, nicolae_hepliaklqana_hazy_memory,
          nicolae_ossuary_entry_ruins
D:5:      layout_gridville, chequers_temple_overflow_minitemple,
          minmay_temple_entry_butterflies, uniq_grinder, uniq_prince_ribbit1
Ossuary:  ossuary_zaba_flooded

Action                   || total
-------------------------++-------
Melee: Hand axe          ||     9
       Headbutt          ||     2
  Use: Scroll            ||     1
Armor: Leather armour    ||     1
Dodge: Dodged            ||     3
